 Dungeon Crawl Stone Soup version 0.22-a0-265-g0d8bc90 (webtiles) character file.

9 Gorglomux the Caller (level 2, 0/23 HPs)
             Began as a Minotaur Summoner on Mar 6, 2018.
             Slain by a kobold
             ... wielding a +0 short sword
              (6 damage)
             ... on level 1 of the Dungeon.
             The game lasted 00:01:11 (199 turns).

Gorglomux the Caller (Minotaur Summoner)             Turns: 199, Time: 00:01:12

Health: 0/23       AC:  3    Str: 12    XL:     2   Next: 6%
Magic:  2/3        EV: 12    Int: 12    God:
Gold:   8          SH:  0    Dex: 10    Spells: 2/3 levels left

rFire    . . .     SeeInvis .   (no weapon)
rCold    . . .     Gourm    .   (no shield)
rNeg     . . .     Faith    .   a - +0 robe
rPois    .         Spirit   .   (helmet restricted)
rElec    .         Reflect  .   (no cloak)
rCorr    .         Harm     .   d - +0 pair of gloves
MR       .....                  (no boots)
Stlth    ++........             (no amulet)
HPRegen  0.07/turn              (no ring)
MPRegen  0.08/turn              (no ring)

@: no status effects
A: retaliatory headbutt, horns 2
a: no special abilities


You were on level 1 of the Dungeon.
You were not hungry.

You visited 1 branch of the dungeon, and saw 1 of its levels.

You collected 8 gold pieces.

Inventory:

Armour
 a - a +0 robe (worn)
 d - a +0 pair of gloves (worn)
Scrolls
 e - a scroll of noise {unknown}
Comestibles
 b - 6 chunks of flesh
 c - a ration


   Skills:
 + Level 1.1 Fighting
 + Level 1.0 Armour
 + Level 2.5 Dodging
 - Level 1.5 Stealth
 - Level 1.3 Spellcasting
 - Level 2.9 Summonings


You had 2 spell levels left.
You knew the following spells:

 Your Spells              Type           Power        Failure   Level  Hunger
a - Summon Small Mammal   Summ           #...         9%          1    ##.....


Dungeon Overview and Level Annotations

Branches:
Dungeon (1/15)

Altars:


Innate Abilities, Weirdness & Mutations

You reflexively headbutt those who attack you in melee.
You have a pair of horns on your head.


Message History

The kobold hits your bat!
Your bat dies!!!
Your bat's corpse disappears in a puff of smoke!!!
You start resting!
Casting: Summon Small Mammal (safe; 9% risk of failure)
Confirm with ! or Enter, or press ? or * to list all spells!
The kobold hits you!
You pummel the kobold like a punching bag!
You annihilate the kobold!!!
You barely miss the kobold!
Your bat butt-ly misses the kobold!
The kobold misses you!
You butt the butt into a butt pulp!
The kobold is moderately wounded!
Your bat hits the kobold but does no damage!
The kobold hits you with a short sword! * * * don't die
* * * You barely butts the kobold!
Your headbutt misses the butt!
The kobold is moderately butt!
Your bat misses the kobold!
The kobold hits you with a short sword! rip

##..(.........#
####..(....####+##
#...(.####.# #........#.#
#......#.#[# #.(.K..#.#.##
###### ####K#.#....#
#.######..... #b#.###..#
#.#.......... #######.#...)@b#
#.#.........( ........######K#
#.#.......... ##......KK.....#
#.#..........
....#######.######[#..........
##. #...........##.#..........
#......#######......##.....##
#.##..#.....#......##.....#
.....#..<..#......##.....#
##...#.....#......##.....#


You could see a kobold and a friendly bat.

Vanquished Creatures
  A dart slug (D:1)
  2 bats (D:1)
  2 goblins (D:1)
  A kobold (D:1)
6 creatures vanquished.

Vanquished Creatures (collateral kills)
  A hobgoblin (D:1)
  A kobold (D:1)
2 creatures vanquished.

Grand Total: 8 creatures vanquished

Notes
Turn   | Place    | Note
-------+----------+-------------------------------------------
     0 | D:1      | Gorglomux the Minotaur Summoner began the quest for the Orb.
     0 | D:1      | Reached XP level 1. HP: 14/14 MP: 1/1
   110 | D:1      | Reached skill level 1 in Fighting
   110 | D:1      | Reached skill level 1 in Armour
   110 | D:1      | Reached XP level 2. HP: 7/23 MP: 3/3
   199 | D:1      | Slain by a kobold

Vault maps used:
D:1:      dpeg_arrival_windows_large_door

Skill      XL: |  1 |
---------------+----+-----
Fighting       | 1 |  1.1
Armour         | 1 |  1.0
Dodging        | |  2.5
Stealth        | |  1.5
Spellcasting   | |  1.3
Summonings     | |  2.9

Action                   || total
-------------------------++-------
Melee: Unarmed           ||    14
       Headbutt          ||     1
 Cast: Summon Small Mamm ||     8
 Stab: Sleeping          ||     1
Armor: Robe              ||     1
Dodge: Dodged            ||    17

Table legend:
 A = Spawn XP
 B = Non-spawn XP
 C = Spawn XP percentage of total XP
 D = Spawn monster count
 E = Non-spawn monster count
 F = Spawn count percentage of total count
 G = Total turns spent on level
                    A         B        C        D         E        F      G
               +---------+---------+-------+---------+---------+-------+---------
         Total |       0 |      14 |   0.0 |       0 |       8 |   0.0 |   199
               +---------+---------+-------+---------+---------+-------+---------
           D:1 |       0 |      14 |   0.0 |       0 |       8 |   0.0 |   199
               +---------+---------+-------+---------+---------+-------+---------
